 Dungeon Crawl Stone Soup version 0.18-a0-1485-g189885c (webtiles) character file.

1656 JustSomeDude the Skirmisher (level 8, 0/65 HPs)
             Began as a Demonspawn Fighter on Mar 3, 2016.
             Slain by a gargoyle
             ... wielding a +0 flail
              (4 damage)
             ... on level 6 of the Dungeon.
             The game lasted 00:13:27 (4871 turns).

JustSomeDude the Skirmisher (Demonspawn Fighter)    Turns: 4871, Time: 00:13:28

Health: 0/65       AC: 11    Str: 23    XL:     8   Next: 68%
Magic:  13/13      EV: 10    Int: 10    God:
Gold:   295        SH: 10    Dex: 13    Spells: 0 memorised, 14 levels left

rFire  + + +     SeeInvis .     y - +7 mace of the Scavenger {drain, rF+++}
rCold  + . .     Gourm    .     b - +0 scale mail
rNeg   . . .     Faith    .     c - +0 shield
rPois  .         Spirit   .     m - +0 helmet
rElec  .         Dismiss  .     (no cloak)
rCorr  .         Reflect  .     (no gloves)
SustAt .         Harm     .     (no boots)
MR     .....     Clarity  +     (no amulet)
Stlth  +.........               (no ring)
                                (no ring)

@: mighty, not resistant to hostile enchantments, very unstealthy
A: claws 1, yellow scales 2, clarity, cold resistance 1
a: no special abilities


You were on level 6 of the Dungeon.
You were not hungry.

You visited 1 branch of the dungeon, and saw 6 of its levels.

You collected 295 gold pieces.

Inventory:

Hand Weapons
 a - a +0 long sword
 y - the +7 mace of the Scavenger (weapon) {drain, rF+++}
   (You found it on level 6 of the Dungeon)

   A truly terrible weapon, it drains the life of those it strikes.
   It renders you almost immune to fire.
Armour
 b - a +0 scale mail (worn)
 c - a +0 shield (worn)
 m - a +0 helmet (worn)
 o - a +0 chain mail
Wands
 e - a wand of iceblast (3/15)
 w - a wand of random effects (40/48)
Scrolls
 g - 3 scrolls of remove curse
 i - 2 scrolls of enchant armour {unknown}
 j - a scroll of enchant weapon {unknown}
 n - 3 scrolls of identify {unknown}
 p - 3 scrolls of recharging {unknown}
 r - 2 scrolls of teleportation {unknown}
 s - a scroll of immolation {unknown}
 t - a scroll of magic mapping {unknown}
 z - a scroll of summoning {unknown}
 B - a scroll of acquirement {unknown}
Potions
 x - a potion of flight
Comestibles
 f - 2 bread rations
 h - a fruit
 k - a meat ration


   Skills:
 + Level 6.5 Fighting
 + Level 5.4 Long Blades
 + Level 1.2 Maces & Flails
 + Level 5.9 Armour
 + Level 4.6 Dodging
 + Level 4.0 Stealth
 + Level 6.0 Shields
 + Level 3.6 Spellcasting


You had 14 spell levels left.
You didn't know any spells.

Dungeon Overview and Level Annotations

Branches:
Dungeon (6/15)
 Temple: D:4-7

Altars:
Dithmenos
Fedhas
Gozag
Xom
Zin
The Shining One

Shops:
D:4 =


Innate Abilities, Weirdness & Mutations

You have sharp fingernails.
You are mostly covered in yellow scales (AC +3).
You possess an exceptional clarity of mind.
Your flesh is cold resistant.


Message History

The gargoyle is heavily damaged.
The gargoyle hurls a stone arrow at you.
Helpless, you fail to dodge the stone arrow.
* * * LOW HITPOINT WARNING * * *
The gargoyle hits you but does no damage.
Drink which item? (? for menu, Esc to quit)
It was a potion of cancellation.
Your magical effects are unravelling.
You feel magically purged. You block the gargoyle's attack.
Drink which item? (? for menu, Esc to quit)
It was a potion of cure mutation.
It has a very clean taste.
Your hooves expand and flesh out into feet!
You feel frail.
You feel weaker.
Your vision sharpens.
You feel less woody.
Your +0 helmet unmelds from your body.
Your +0 scale mail unmelds from your body.
Drink which item? (? for menu, Esc to quit)
You feel very mighty all of a sudden. The gargoyle hits you with a flail.
You die...

)# #.#†# #...................#
[###.#.# ############..####### #
.##..<.# #..########.. .#.....#
#.........#.. .....###
#############..... ##...# ..
#.....#.....#>.##. ##..#
#.....#.....#.....#..##. ##.#
#..#..#..#))#..#..#..##.
..#'###..#..#@.#.)#..#..#.†##.
######......#..9..#.....#..#..##.
.....# ...l9#.....#.....#..#.....
#...####################..#..#..
#.#............J..........#..###
#.#.......................#.##
#)######################).## #.#
#..[...#.....#.....#..###### ##.#
#......#.....#.....#..#.....


You could see a gargoyle and a jelly.

Vanquished Creatures
  A yak (D:6)
  A sky beast (D:3)
  2 centaurs (D:5)
  An ogre (D:5)
  4 giant frogs (D:6)
  A scorpion (D:3)
  A howler monkey (D:6)
  2 crimson imps
  An orc priest (D:4)
  4 orc wizards
  Jessica (D:2)
  5 worker ants
  4 iguanas
  A hound zombie (D:6)
  A hound skeleton (D:6)
  2 worker ant zombies
  7 adders
  2 shadow imps
  An ooze (D:1)
  An adder zombie (D:6)
  3 worms
  2 dart slugs
  4 giant geckos
  21 orcs
  3 ball pythons
  2 giant cockroaches
  6 goblins
  5 hobgoblins
  2 quokkas
  7 bats
  A giant gecko zombie (D:6)
  6 giant newts
  11 kobolds
  A quokka zombie (D:6)
  5 rats
122 creatures vanquished.

Notes
Turn   | Place    | Note
--------------------------------------------------------------
     0 | D:1      | JustSomeDude the Demonspawn Fighter began the quest for the Orb.
     0 | D:1      | Reached XP level 1. HP: 18/18 MP: 1/1
    51 | D:1      | Gained mutation: You are partially covered in yellow scales (AC +2). [demonic ancestry]
    51 | D:1      | Reached XP level 2. HP: 24/24 MP: 2/2
   810 | D:2      | Reached XP level 3. HP: 29/29 MP: 3/3
   814 | D:2      | Noticed Jessica
   823 | D:2      | Killed Jessica
   914 | D:2      | Reached XP level 4. HP: 30/35 MP: 4/4
  1044 | D:2      | Reached skill level 1 in Dodging
  1591 | D:3      | Gained mutation: Your muscles are strong. (Str +2) [potion of beneficial mutation]
  1592 | D:3      | Reached skill level 5 in Fighting
  1592 | D:3      | Reached skill level 5 in Armour
  1592 | D:3      | Reached skill level 5 in Shields
  1592 | D:3      | Reached XP level 5. HP: 18/44 MP: 4/10
  1852 | D:3      | Found a blossoming altar of Fedhas.
  1938 | D:3      | Found a glowing silver altar of Zin.
  1939 | D:3      | Found an opulent altar of Gozag.
  2042 | D:3      | Gained mutation: You are mostly covered in yellow scales (AC +3). [demonic ancestry]
  2042 | D:3      | Reached XP level 6. HP: 30/51 MP: 11/11
  2043 | D:3      | Found a glowing golden altar of the Shining One.
  2044 | D:3      | Found a shimmering altar of Xom.
  2215 | D:3      | Noticed a sky beast
  2228 | D:3      | Killed a sky beast
  2232 | D:3      | Gained mutation: You are robust (+10% HP). [mutagenic meat]
  2233 | D:3      | Gained mutation: Your flesh is cold resistant. [mutagenic meat]
  2235 | D:3      | Gained mutation: You possess an exceptional clarity of mind. [mutagenic meat]
  2236 | D:3      | Gained mutation: You have large cloven feet. [mutagenic meat]
  2237 | D:3      | Gained mutation: Scrolls take you a little longer to read. [mutagenic meat]
  2545 | D:4      | Gained mutation: You have sharp fingernails. [demonic ancestry]
  2545 | D:4      | Reached XP level 7. HP: 29/62 MP: 12/12
  2593 | D:4      | Reached skill level 5 in Long Blades
  2611 | D:4      | Found Vehed's Jewellery Shop.
  3155 | D:5      | Entered Level 5 of the Dungeon
  3200 | D:5      | Found a shadowy altar of Dithmenos.
  3220 | D:5      | HP: 1/62 [centaur (8)]
  4226 | D:5      | Reached XP level 8. HP: 58/70 MP: 13/13
  4474 | D:6      | Got an ancient mace
  4475 | D:6      | Identified the +7 mace of the Scavenger {drain, rF+++} (You found it on level 6 of the Dungeon)
  4576 | D:6      | Noticed a gargoyle
  4703 | D:6      | Reached skill level 1 in Maces & Flails
  4870 | D:6      | Lost mutation: You have large cloven feet. [potion of cure mutation]
  4870 | D:6      | Lost mutation: You are robust (+10% HP). [potion of cure mutation]
  4870 | D:6      | Lost mutation: Your muscles are strong. (Str +2) [potion of cure mutation]
  4870 | D:6      | Lost mutation: Scrolls take you a little longer to read. [potion of cure mutation]
  4871 | D:6      | Slain by a gargoyle

Vault maps used:
D:1:      minmay_arrival_solitary_statue
D:2:      uniq_jessica
D:3:      grunt_temple_overflow_gold_and_silver, gammafunk_temple_overflow_wave,
          fedhas_altar_3
D:4:      serial_shops, shop
D:5:      nicolae_dithmenos_shadow_blocks, first_bread
D:6:      kennysheep_windowed_halls, minmay_stone_trees_small,
          kb_xom_exploding_sheep

Skill      XL: |  1  2  3  4  5  6  7  8 |
---------------+-------------------------+-----
Shields        | 3 5 6 |  6.0
Long Blades    | 2 4 5 |  5.4
Armour         | 3 5 |  5.9
Dodging        | 3 4 |  4.6
Fighting       | 5 6 |  6.5
Stealth        | 4 |  4.0
Spellcasting   | 3 |  3.6
Maces & Flails | 1 |  1.2

Action                   |  1- 3 |  4- 6 |  7- 9 || total
-------------------------+-------+-------+-------++-------
Melee: Long sword        |    79 |   189 |   138 ||   406
       Mace              |       |       |    91 ||    91
  Use: Potion            |       |     4 |    11 ||    15
       Scroll            |       |     1 |     1 ||     2
  Eat: Chunk             |       |     8 |     9 ||    17
       Pizza             |       |     1 |     1 ||     2
       Fruit             |       |     1 |       ||     1
